cohdb
Replays
Latest Replays
All Replays
Popular Replays
Top Player Replays
Match Explorer
How It Works
Community
CoH3 Stats
Reddit
Sign in to upload your games and track your stats! →
Sign in with Steam
Match 43701723
Unlisted
Match 43701723
Overview
Messages
Build Orders
End
Kradschützen Motorcycle Team
Kradschützen Motorcycle Team
Selects Armored Support Battlegroup
Selects Armored Support Battlegroup
250 Light Carrier
Construct Light Support Kompanie
Assault Grenadier Squad
Selects Salvage Kits
Fire Support Elements
MG34 Team
Vehicle Survival Package
Flakvierling Half-track
Selects Superior Fire Drills
Panzerjäger Mechanized Group
MG34 Team
Construct Mechanized Kompanie
Emergency Repair Kits
254 Reconnaissance Tractor
Flakvierling Half-track
Pak 38 Anti-tank Gun Team
Selects Flammpanzer III Medium Tank
Selects Panzer Storm
StuG III D Assault Gun
Flakvierling Half-track
Panzerpioneer Squad
Rapid Advance
Willaguy
Quetzalcoatl
0
0
Comments
sign in to comment!
No comments posted yet!